 Dungeon Crawl Stone Soup version 0.24-a0-3-g5a199981cb (webtiles) character file.

Game seed: 9072626947280671023

4552 Maize the Cleaver (level 10, -2/136 HPs)
             Began as a Minotaur Berserker on Jan 30, 2019.
             Was an Elder of Trog.
             Slain by a death yak (17 damage)
             ... on level 8 of the Dungeon.
             The game lasted 00:09:10 (7455 turns).

Maize the Cleaver (Minotaur Berserker)              Turns: 7455, Time: 00:09:11

Health: -2/136     AC: 12    Str: 30    XL:     10   Next: 17%
Magic:  9/9        EV: 10    Int:  4    God:    Trog [****..]
Gold:   414        SH:  0    Dex: 10    Spells: 9/9 levels left

rFire    + . .     SeeInvis .   a - +0 hand axe
rCold    . . .     Gourm    .   (no shield)
rNeg     + . .     Faith    .   l - +0 chain mail
rPois    .         Spirit   .   (helmet restricted)
rElec    .         Reflect  .   x - +0 cloak
rCorr    .         Harm     .   (no gloves)
MR       .....                  (no boots)
Stlth    ..........             (no amulet)
HPRegen  0.32/turn              y - ring of protection from fire
MPRegen  0.11/turn              t - ring of positive energy

@: berserking, very quick
A: retaliatory headbutt, horns 2
a: Berserk, Trog's Hand, Brothers in Arms, Renounce Religion


You were on level 8 of the Dungeon.
You worshipped Trog.
Trog was greatly pleased with you.
You were very hungry.

You visited 1 branch of the dungeon, and saw 8 of its levels.

You collected 414 gold pieces.

Inventory:

Hand Weapons
 a - a +0 hand axe (weapon)
Missiles
 o - 4 poisoned javelins (quivered)
Armour
 l - a +0 chain mail (worn)
 x - a +0 cloak (worn)
Jewellery
 k - an uncursed ring of ice
 t - a ring of positive energy (right hand)
 y - a ring of protection from fire (left hand)
Wands
 p - a wand of flame (10)
 s - a wand of digging (14)
 v - a wand of random effects (26)
 C - a wand of iceblast (10)
Scrolls
 b - 2 scrolls of enchant weapon
 d - 2 scrolls of amnesia {unknown}
 e - 4 scrolls of remove curse
 f - 6 scrolls of teleportation
 g - 6 scrolls of identify
 m - a scroll of magic mapping {unknown}
 q - 4 scrolls of enchant armour {unknown}
 u - a scroll of random uselessness {unknown}
 D - a scroll of immolation {unknown}
Potions
 h - a potion of resistance
 i - 3 potions of curing {unknown}
 j - a potion of might
 n - a potion of invisibility {unknown}
 r - a potion of heal wounds {unknown}
 w - a potion of brilliance {unknown}
 z - a potion of ambrosia {unknown}
 A - 2 potions of degeneration {unknown}
 E - a potion of mutation {unknown}
Comestibles
 c - 10 rations
 B - a chunk of flesh


   Skills:
 + Level 9.6 Fighting
 * Level 12.7 Axes
 + Level 9.2 Armour
 - Level 2.4 Dodging


You had 9 spell levels left.
You didn't know any spells.
Your spell library was empty.

Dungeon Overview and Level Annotations

Branches:
Dungeon (8/15)             Temple (0/1) D:5            Lair (0/6) D:8

Altars:
Ru
Trog
The Shining One

Shops:
D:6 %


Innate Abilities, Weirdness & Mutations

You reflexively headbutt those who attack you in melee.
You have a pair of horns on your head.


Message History

Trog accepts your kill.
Your Armour skill increases to level 9!
You have reached level 10!
You barely miss the death yak. You headbutt the death yak.
You kill the death yak!
Trog accepts your kill.
You hit the death yak. x2; The death yak closely misses you.
You hit the death yak.
The death yak is moderately wounded.
You hit the yak. You hit the death yak. The death yak gores you!
* * * LOW HITPOINT WARNING * * *
Unknown command.
You hit the death yak.
The death yak is moderately wounded.
You completely miss the yak. You hit the death yak but do no damage.
The yak gores you but does no damage. The death yak gores you!
* * * LOW HITPOINT WARNING * * *
Unknown command.
The death yak gores you!
You die...

.. ... .##
..####.. . .$.#
#......# ..
...##......#...
.............
#...#.......
#...#Y..# #...Y.#
###.@Y†#.....
#.<.#....>...
........##........
........#.........
..####.##.........
. #. ......... #.
.......... ..
.....=. ..


You could see 2 death yaks and a yak.

Vanquished Creatures
  A death yak (D:8)
  Pikel (D:4)
  Prince Ribbit (D:6)
  A hippogriff (D:7)
  Eustachio (D:5)
  3 yaks (D:8)
  A hungry ghost (D:7)
  Edmund (D:6)
  A water moccasin (D:7)
  Duvessa (D:6)
  2 ice beasts (D:7)
  2 phantoms
  A necrophage (D:5)
  3 ogres
  2 centaurs (D:5)
  4 bullfrogs (D:7)
  3 scorpions
  Dowan (D:6)
  A howler monkey (D:4)
  3 hounds
  A jelly (D:7)
  A bullfrog skeleton (D:7)
  An orc priest (D:4)
  A centaur skeleton (D:6)
  6 orc wizards
  An iguana (D:6)
  3 worker ants
  A hound skeleton (D:4)
  Robin (D:2)
  A worker ant zombie (D:5)
  3 gnolls (D:6)
  4 adders
  2 oozes
  An adder skeleton (D:7)
  4 worms
  4 dart slugs
  3 leopard geckos
  18 orcs
  6 bats
  2 giant cockroaches (D:2)
  12 hobgoblins
  2 jackals (D:1)
  2 quokkas
  4 frilled lizards
  15 goblins
  5 kobolds
  A leopard gecko skeleton (D:5)
  10 rats
149 creatures vanquished.

Vanquished Creatures (others)
  A leopard gecko skeleton (D:4)
1 creature vanquished.

Grand Total: 150 creatures vanquished

Notes
Turn   | Place    | Note
-------+----------+-------------------------------------------
     0 | D:1      | Maize the Minotaur Berserker began the quest for the Orb.
     0 | D:1      | Reached XP level 1. HP: 19/19 MP: 0/0
    95 | D:1      | Reached XP level 2. HP: 24/27 MP: 1/1
   233 | D:1      | Reached skill level 4 in Axes
  1284 | D:2      | Reached XP level 3. HP: 33/33 MP: 2/2
  1335 | D:2      | Found a glowing golden altar of the Shining One.
  1379 | D:2      | Noticed Robin
  1389 | D:2      | Killed Robin
  1397 | D:2      | Reached ** piety under Trog
  1808 | D:2      | Reached XP level 4. HP: 40/40 MP: 3/3
  1965 | D:2      | Reached skill level 5 in Axes
  3244 | D:4      | Reached XP level 5. HP: 38/47 MP: 4/4
  3425 | D:4      | Noticed a slave
  3426 | D:4      | Noticed Pikel
  3426 | D:4      | Noticed a slave
  3426 | D:4      | Noticed a slave
  3426 | D:4      | Noticed a slave
  3453 | D:4      | Killed Pikel
  3453 | D:4      | Reached skill level 7 in Axes
  3453 | D:4      | Reached skill level 5 in Armour
  3453 | D:4      | Reached XP level 6. HP: 19/57 MP: 5/5
  3453 | D:4      | Reached XP level 7. HP: 21/63 MP: 6/6
  3885 | D:5      | Entered Level 5 of the Dungeon
  3946 | D:5      | Reached skill level 8 in Axes
  4374 | D:5      | Found a staircase to the Ecumenical Temple.
  4487 | D:5      | Reached *** piety under Trog
  4625 | D:5      | Noticed Eustachio
  4645 | D:5      | Killed Eustachio
  4645 | D:5      | Reached XP level 8. HP: 61/71 MP: 7/7
  4875 | D:5      | Reached skill level 9 in Axes
  5178 | D:6      | Noticed Dowan
  5180 | D:6      | Noticed Duvessa
  5188 | D:6      | Killed Duvessa
  5190 | D:6      | Killed Dowan
  5386 | D:6      | Found Ubiosysmiza's Food Shoppe.
  5413 | D:6      | Noticed Edmund
  5432 | D:6      | Killed Edmund
  5432 | D:6      | Reached skill level 10 in Axes
  6043 | D:6      | Noticed Prince Ribbit
  6074 | D:6      | Killed Prince Ribbit
  6074 | D:6      | Reached **** piety under Trog
  6074 | D:6      | Reached XP level 9. HP: 54/81 MP: 8/8
  6602 | D:7      | Reached skill level 11 in Axes
  6693 | D:7      | Found a sacrificial altar of Ru.
  6763 | D:7      | Found a bloodstained altar of Trog.
  7053 | D:7      | Reached skill level 12 in Axes
  7437 | D:8      | Found a staircase to the Lair.
  7438 | D:8      | Noticed a death yak
  7438 | D:8      | Noticed a death yak
  7441 | D:8      | Noticed a death yak
  7451 | D:8      | Reached XP level 10. HP: 41/91 MP: 9/9
  7452 | D:8      | Killed a death yak
  7455 | D:8      | Slain by a death yak

Vault maps used:
D:1:      dpeg_arrival_ternary, kennysheep_flooded_box
D:2:      nicolae_tso_carved_into_rock, uniq_robin
D:3:      first_ration, roderic_lattice_a
D:4:      chequers_serial_rivers_small_a, uniq_pikel
D:5:      cheibrodos_iron_armory, minmay_temple_entry_statues, uniq_eustachio
D:6:      serial_shops, nicolae_shop_stone, uniq_prince_ribbit1, uniq_edmund,
          uniq_duvessa
D:7:      marbit_many_paths, chequers_serial_rivers_micro_c,
          nicolae_ru_awakened_eye
D:8:      dpeg_lair_monsters, minmay_gold_behind_fungi,
          nicolae_qazlal_general_emergency

Skill      XL: |  1  2  3  4  5  6  7  8  9 |
---------------+----------------------------+-----
Axes           | 4 5 7 8 10 12 | 12.7
Fighting       | 4 6 8 9 |  9.6
Armour         | 3 5 6 7 9 |  9.2
Dodging        | |  2.4

Action                   |  1- 3 |  4- 6 |  7- 9 | 10-12 || total
-------------------------+-------+-------+-------+-------++-------
Melee: Hand axe          |    95 |    97 |   287 |     3 ||   482
       Headbutt          |    18 |    24 |    62 |     1 ||   105
Invok: Berserk           |       |       |     3 |       ||     3
  Use: Scroll            |       |       |     3 |       ||     3
 Stab: Sleeping          |     1 |       |       |       ||     1
  Eat: Chunk             |     3 |     5 |    13 |       ||    21
       Ration            |       |       |     1 |       ||     1
Armor: Animal skin       |     7 |       |       |       ||     7
       Chain mail        |    23 |    39 |   112 |     1 ||   175
       Scale mail        |     3 |       |       |       ||     3
Dodge: Dodged            |    38 |    29 |   111 |     1 ||   179

Table legend:
 A = Non-vault XP
 B = Vault XP
 C = Vault XP percentage of total XP
 D = Non-vault monster count
 E = Vault monster count
 F = Vault count percentage of total count
                 A         B        C        D         E       F
            +---------+---------+-------+---------+---------+-------
      Total |    3424 |    3079 |  47.3 |     126 |      23 |  15.4
            +---------+---------+-------+---------+---------+-------
        D:1 |      37 |       0 |   0.0 |      21 |       0 |   0.0
        D:2 |      66 |      39 |  37.1 |      25 |      13 |  34.2
        D:3 |      20 |       0 |   0.0 |      10 |       0 |   0.0
        D:4 |     224 |     651 |  74.4 |       9 |       1 |  10.0
        D:5 |     640 |     223 |  25.8 |      16 |       1 |   5.9
        D:6 |     675 |     652 |  49.1 |      27 |       4 |  12.9
        D:7 |    1762 |       0 |   0.0 |      18 |       0 |   0.0
        D:8 |       0 |    1514 | 100.0 |       0 |       4 | 100.0
            +---------+---------+-------+---------+---------+-------
